 Dungeon Crawl Stone Soup version 0.23.2-1-ga50397a6bc (webtiles) character file.

Game seed: 5860174854968440610

2048 Andrea the Grappler (level 9, -3/78 HPs)
             Began as a Ghoul Monk on May 6, 2019.
             Was a Believer of Makhleb.
             Killed by divine providence
             ... invoked by an orc priest
              (14 damage)
             ... on level 7 of the Dungeon.
             The game lasted 00:12:00 (6236 turns).

Andrea the Grappler (Ghoul Monk)                    Turns: 6236, Time: 00:12:00

Health: -3/78      AC:  9    Str: 15    XL:     9   Next: 24%
Magic:  11/11      EV: 13    Int:  8    God:    Makhleb [**....]
Gold:   412        SH:  0    Dex: 11    Spells: 8/8 levels left

rFire    . . .     SeeInvis .     - Unarmed
rCold    + . .     Gourm    .   (no shield)
rNeg     + + +     Faith    .   u - +1 chain mail
rPois    ∞         Spirit   .   (no helmet)
rElec    .         Reflect  .   (no cloak)
rCorr    .         Harm     .   (no gloves)
MR       .....                  (no boots)
Stlth    ..........             (no amulet)
HPRegen  0.00/turn              m - +5 ring of evasion
MPRegen  0.12/turn              (no ring)

@: rotting
A: rotting body, claws 1, carnivore, cold resistance 1, negative energy
resistance 3, inhibited regeneration, torment resistance, unbreathing
a: Minor Destruction, Renounce Religion


You were on level 7 of the Dungeon.
You worshipped Makhleb.
Makhleb was pleased with you.
You were not hungry.

You visited 2 branches of the dungeon, and saw 8 of its levels.

You collected 412 gold pieces.

Inventory:

Missiles
 t - 7 javelins (quivered)
Armour
 u - a +1 chain mail (worn)
Jewellery
 g - an uncursed amulet of faith {unknown}
 k - an uncursed ring of wizardry {unknown}
 m - a +5 ring of evasion (left claw)
 r - an uncursed ring of wizardry {unknown}
 w - an uncursed ring of resist corrosion {unknown}
Wands
 p - a wand of enslavement (13)
 s - a wand of iceblast (10)
 y - a wand of acid (21)
 z - a wand of digging (5)
Scrolls
 a - 3 scrolls of remove curse
 d - 2 scrolls of immolation
 e - a scroll of fog
 h - 2 scrolls of enchant weapon
 i - a scroll of teleportation
 q - 2 scrolls of magic mapping
Potions
 j - 4 potions of curing
 l - a potion of mutation
 n - 3 potions of brilliance
 o - a potion of degeneration
 v - a potion of magic
Comestibles
 b - 14 rations
 c - 10 chunks of flesh


   Skills:
 + Level 6.9 Fighting
 + Level 5.7 Dodging
 - Level 2.1 Stealth
 * Level 9.2 Unarmed Combat
 + Level 4.5 Invocations


You had 8 spell levels left.
You didn't know any spells.
Your spell library contained the following spells:

 Spells                   Type           Power        Failure   Level  Hunger
 Magic Dart               Conj           #...         100%        1    ##.....
 Searing Ray              Conj           #.....       100%        2    ###....
 Dazzling Spray           Conj/Hex       #.....       100%        3    ####...
 Force Lance              Conj/Tloc      #.......     100%        4    #####..
 Fulminant Prism          Conj/Hex       #.........   100%        4    #####..
 Iskenderun's Mystic Bla  Conj           #.......     100%        4    #####..


Dungeon Overview and Level Annotations

Branches:
Dungeon (7/15)             Temple (1/1) D:5

Altars:
Ashenzari
Cheibriados
Dithmenos
Elyvilon
Fedhas
Gozag
Hepliaklqana
Makhleb
Okawaru
Qazlal
Ru
Trog
Uskayaw
Wu Jian
Xom
Zin
The Shining One

Shops:
D:4 *   D:5 %


Innate Abilities, Weirdness & Mutations

Your body is rotting away.
You thrive on raw meat.
You are immune to poison.
You have sharp fingernails.
You are carnivorous and can eat meat at any time.
Your flesh is cold resistant. (rC+)
You are immune to negative energy. (rN+++)
You do not regenerate when monsters are visible.
You are immune to unholy pain and torment.
You can survive without breathing.


Message History

You closely miss the orc priest.
Your chain mail prevents you from hitting the orc priest.
The orc priest barely misses you.
You closely miss the orc priest.
The orc priest hits you with a +2 flail of crushing.
You closely miss the orc priest. You closely miss the orc priest.
The orc priest invokes the aid of Beogh against you.
Beogh smites you!
* * * LOW HITPOINT WARNING * * *
You claw the orc priest!
The orc priest is almost dead.
The orc priest calls down the wrath of Beogh upon you.
Beogh smites you!
* * * LOW HITPOINT WARNING * * *
You barely miss the orc priest.
The orc priest is almost dead.
The orc priest mumbles some strange prayers to Beogh against you.
Beogh smites you!
You die...

#.#... #.#
#.#..#.#.# # #
.o... .#.#
#.###.####.#.####
###.....)..........
..............
############o######
#o# #@#########
#..)......#
#########.#


You could see 2 orc priests, an orc and a bullfrog skeleton.

Vanquished Creatures
  Grinder (D:5)
  Sigmund (D:5)
  Edmund (D:4)
  Duvessa (D:5)
  An orc warrior (D:7)
  A sky beast (D:5)
  3 ogres
  A bullfrog (D:7)
  Dowan (D:5)
  2 howler monkeys (D:4)
  3 crimson imps (D:5)
  2 hounds
  6 orc wizards
  A bullfrog skeleton (D:4)
  3 orc priests
  Jessica (D:2)
  3 iguanas
  3 worker ants
  Natasha (thrice) (D:4)
  8 adders
  A shadow imp (D:5)
  An ooze (D:1)
  4 worms
  3 dart slugs
  A leopard gecko (D:3)
  9 orcs
  6 giant cockroaches
  7 goblins
  6 hobgoblins
  6 jackals
  A quokka (D:2)
  2 ball pythons
  3 bats
  3 frilled lizards
  6 kobolds
  7 rats
112 creatures vanquished.

Notes
Turn   | Place    | Note
-------+----------+-------------------------------------------
     0 | D:1      | Andrea the Ghoul Monk began the quest for the Orb.
     0 | D:1      | Reached XP level 1. HP: 19/19 MP: 0/0
   177 | D:1      | Reached XP level 2. HP: 25/26 MP: 1/1
   728 | D:2      | Noticed Jessica
   749 | D:2      | Killed Jessica
   749 | D:2      | Reached skill level 4 in Unarmed Combat
   749 | D:2      | Reached XP level 3. HP: 32/33 MP: 2/2
   925 | D:2      | Reached XP level 4. HP: 38/40 MP: 3/3
  1446 | D:3      | Found a blossoming altar of Fedhas.
  1449 | D:3      | Found a shattered altar of Ashenzari.
  1449 | D:3      | Found a shadowy altar of Dithmenos.
  1452 | D:3      | Found a snail-covered altar of Cheibriados.
  1503 | D:3      | Reached XP level 5. HP: 19/46 MP: 4/4
  1508 | D:3      | Reached skill level 5 in Unarmed Combat
  1653 | D:3      | Found an ornate altar of the Wu Jian Council.
  1654 | D:3      | Found an iron altar of Okawaru.
  2237 | D:4      | Noticed Edmund
  2289 | D:4      | Noticed Natasha
  2301 | D:4      | Killed Natasha
  2301 | D:4      | Reached XP level 6. HP: 42/53 MP: 5/5
  2544 | D:4      | Noticed Natasha
  2551 | D:4      | Killed Natasha
  2718 | D:4      | Reached skill level 6 in Unarmed Combat
  2787 | D:4      | Killed Edmund
  2787 | D:4      | Reached skill level 5 in Fighting
  2787 | D:4      | Reached XP level 7. HP: 39/61 MP: 6/6
  2899 | D:4      | Found Zin's Purification Station.
  2910 | D:4      | Found a glowing silver altar of Zin.
  2933 | D:4      | Found a sacrificial altar of Ru.
  3057 | D:4      | Noticed Natasha
  3078 | D:4      | Reached skill level 7 in Unarmed Combat
  3089 | D:4      | Killed Natasha
  3434 | D:5      | Entered Level 5 of the Dungeon
  3434 | D:5      | Noticed Grinder
  3437 | D:5      | Paralysed by Grinder for 6 turns
  3547 | D:5      | Noticed Sigmund
  3591 | D:5      | Noticed Duvessa
  3591 | D:5      | Noticed Dowan
  3594 | D:5      | HP: 2/60 [something (6)]
  4060 | D:5      | Found a staircase to the Ecumenical Temple.
  4211 | D:5      | Reached XP level 8. HP: 64/69 MP: 7/7
  4245 | Temple   | Entered the Ecumenical Temple
  4372 | Temple   | Became a worshipper of Makhleb the Destroyer
  4372 | Temple   | Reached * piety under Makhleb
  4372 | Temple   | Reached ** piety under Makhleb
  4387 | D:5      | Found Taiskis's Food Shop.
  4419 | D:5      | Reached skill level 1 in Invocations
  4649 | D:5      | Killed Sigmund
  4649 | D:5      | Reached skill level 5 in Dodging
  4649 | D:5      | Reached skill level 8 in Unarmed Combat
  4995 | D:5      | Killed Dowan
  5244 | D:5      | Paralysed by Grinder for 3 turns
  5263 | D:5      | Killed Grinder
  5428 | D:5      | Killed Duvessa
  5428 | D:5      | Reached XP level 9. HP: 23/78 MP: 9/11
  5950 | D:5      | Reached skill level 9 in Unarmed Combat
  6236 | D:7      | Killed from afar by an orc priest

Skill      XL: |  1  2  3  4  5  6  7  8  9 |
---------------+----------------------------+-----
Dodging        | 3 4 5 |  5.7
Unarmed Combat | 4 5 6 7 8 9 |  9.2
Fighting       | 4 5 6 |  6.9
Invocations    | 4 |  4.5
Stealth        | |  2.1

Action                   |  1- 3 |  4- 6 |  7- 9 || total
-------------------------+-------+-------+-------++-------
Melee: Unarmed           |    61 |   193 |   265 ||   519
       Punch             |       |     1 |     3 ||     4
Invok: Minor Destruction |       |       |    12 ||    12
  Use: Potion            |       |     2 |     2 ||     4
       Scroll            |       |       |    12 ||    12
 Stab: Sleeping          |     1 |       |       ||     1
       Invisible         |       |     2 |       ||     2
  Eat: Chunk             |     1 |     9 |    13 ||    23
Armor: Robe              |     5 |       |       ||     5
       Ring mail         |    13 |    33 |       ||    46
       Chain mail        |       |    18 |    61 ||    79
Dodge: Dodged            |    42 |   110 |   115 ||   267
